 Dungeon Crawl Stone Soup version 0.30-a0-972-gf3ab3527aa (webtiles) character file.

Game seed: 14698608582278286848

855 bakla the Sneak (level 8, -3/42 HPs)
             Began as a Vine Stalker Brigand on Mar 31, 2023.
             Was an Initiate of Wu Jian.
             Splashed by a jelly's acid (6 damage)
             ... on level 6 of the Dungeon.
             The game lasted 00:12:36 (3587 turns).

bakla the Sneak (Vine Stalker Brigand)              Turns: 3587, Time: 00:12:41

Health: -3/42      AC: -5    Str: 15    XL:     8   Next: 1%
Magic:  0/9        EV: 13    Int: 11    God:    Wu Jian [......]
Gold:   349        SH:  0    Dex: 17    Spells: 7/7 levels left

rFire   . . .      SeeInvis .    q - +1 dagger (speed)
rCold   + . .      Faith    .    (no shield)
rNeg    . . .      Spirit   +    h - +0 leather armour
rPois   +          Reflect  .    a - +1 helmet
rElec   .          Rampage  .    c - +0 cloak
rCorr   .                        (no gloves)
Will    +....                    t - +0 pair of boots
Stlth   ++++                     (no amulet)
HPRegen 1.07/turn                f - ring of poison resistance
MPRegen 0.11/turn                l - ring of protection from cold

@: corroded
A: fangs 3, regeneration 1, magic shield, antimagic bite, no potion heal 2
a: Renounce Religion


You were on level 6 of the Dungeon.
You worshipped Wu Jian.
Wu Jian was noncommittal.
You visited 2 branches of the dungeon, and saw 7 of its levels.

You collected 349 gold pieces.

Inventory:

Hand Weapons
 q - a +1 dagger of speed (weapon)
Missiles
 d - 9 poisoned darts (quivered)
 e - 3 curare-tipped darts
Armour
 a - a +1 helmet (worn)
 c - a +0 cloak (worn)
 h - a +0 leather armour (worn)
 t - a +0 pair of boots (worn)
Jewellery
 f - a ring of poison resistance (left hand)
 l - a ring of protection from cold (right hand)
Scrolls
 i - a scroll of magic mapping
 m - a scroll of immolation {unknown}
 o - a scroll of amnesia
 r - a scroll of poison
 v - a scroll of fog {unknown}
Potions
 b - 2 potions of curing {unknown}
 g - 4 potions of attraction
 j - a potion of mutation {unknown}
 k - 2 potions of lignification {unknown}
 n - a potion of haste {unknown}
 p - a potion of might {unknown}
 s - 2 potions of brilliance {unknown}
 w - a potion of cancellation {unknown}


   Skills:
 + Level 4.2 Fighting
 + Level 4.2 Short Blades
 - Level 2.1 Throwing
 + Level 3.5 Dodging
 + Level 7.4 Stealth


You had 7 spell levels left.
You didn't know any spells.
Your spell library contained the following spells:

 Spells                   Type           Power      Damage    Failure   Level
 Lesser Beckoning         Tloc           0%         N/A       54%         2
 Dazzling Flash           Conj/Hex       0%         N/A       78%         3
 Gell's Gravitas          Tloc           0%         N/A       78%         3
 Teleport Other           Tloc           0%         N/A       78%         3
 Iskenderun's Mystic Bla  Conj/Tloc      0%         2d3       99%         4
 Leda's Liquefaction      Hex/Erth       0%         N/A       99%         4
 Lee's Rapid Deconstruct  Erth           0%         3d4*      100%        5
 Starburst                Conj/Fire      0%         6d3       100%        6
 Statue Form              Tmut/Erth      0%         N/A       100%        6


Dungeon Overview and Level Annotations

Branches:
Dungeon (6/15)             Temple (1/1) D:5

Altars:
Fedhas
Gozag
Kikubaaqudgha
Nemelex Xobeh
Qazlal
Sif Muna
Wu Jian

Annotations:
D:4 exclusion: Duvessa
D:5 1 runed translucent door, Sigmund; Xak's ghost, novice MiBe


Innate Abilities, Weirdness & Mutations

You have razor-sharp teeth.
Your natural rate of healing is unusually fast.
When hurt, damage is shared between your health and your magic reserves.
Your bite disrupts and absorbs the magic of your enemies.
Potions cannot restore your health.


Message History

The jelly hits you.
You are splashed with acid!
You hit the jelly. The acid corrodes you!
Your hands burn!
The jelly is heavily wounded.
You hit the jelly.
Your hands burn!
* * * LOW HITPOINT WARNING * * *
The jelly is severely wounded.
The jelly barely misses you.
You hit the jelly but do no damage. The acid corrodes you!
Your hands burn!
* * * LOW HITPOINT WARNING * * *
The jelly is severely wounded.
You hit the jelly but do no damage.
Your hands burn!
* * * LOW HITPOINT WARNING * * *
The jelly is severely wounded.
The jelly hits you.
* * * LOW HITPOINT WARNING * * *
You are splashed with acid.
* * * LOW HITPOINT WARNING * * *
You hit the jelly but do no damage.
Your hands burn!
Your bite misses the jelly.
The jelly is severely wounded.
You hit the jelly. The acid corrodes you!
Your hands burn!
* * * LOW HITPOINT WARNING * * *
You bite the jelly. You drain its power.
You feel invigorated.
The jelly is almost dead.
The jelly hits you.
* * * LOW HITPOINT WARNING * * *
You are splashed with acid.
* * * LOW HITPOINT WARNING * * *
You hit the jelly but do no damage.
Your hands burn!
* * * LOW HITPOINT WARNING * * *
You bite the jelly, but do no damage.
The jelly is almost dead.
Unknown command.
You hit the jelly but do no damage.
Your hands burn!
* * * LOW HITPOINT WARNING * * *
The jelly is almost dead.
The jelly hits you.
* * * LOW HITPOINT WARNING * * *
The acid corrodes you!
You are splashed with acid!
You die...

##.#########.# #
..........#..#.#
##.#####.....#.#
#..####.#
#<......# .
######...#.###
#.............
#.#........###
#.@.....##
#J......#
....?....#
#.........#
##........#
###.###### #..
###


You could see a jelly.

Vanquished Creatures
  Menkaure (D:4)
  Duvessa (D:4)
  A black bear (D:5)
  An ogre (D:4)
  A phantom (D:5)
  Dowan (D:4)
  A howler monkey (D:5)
  A sleepcap (D:4)
  A gnoll bouda (D:5)
  An iguana (D:5)
  Robin (D:4)
  3 gnolls (D:5)
  7 adders
  2 white imps
  A worm (D:2)
  2 dart slugs
  An orc (D:5)
  10 ball pythons
  5 bats
  5 endoplasms
  A giant cockroach (D:3)
  18 goblins
  5 hobgoblins
  4 jackals (D:4)
  10 kobolds
  A quokka (D:5)
  3 frilled lizards
  3 rats
92 creatures vanquished.

Notes
Turn   | Place    | Note
-------+----------+-------------------------------------------
     0 | D:1      | bakla the Vine Stalker Brigand began the quest for the Orb.
     0 | D:1      | Reached XP level 1. HP: 11/11 MP: 2/2
   176 | D:1      | Reached skill level 1 in Dodging
   176 | D:1      | Reached XP level 2. HP: 11/15 MP: 3/3
   178 | D:1      | Reached skill level 5 in Stealth
   408 | D:1      | Reached XP level 3. HP: 16/18 MP: 4/4
  1233 | D:2      | Gained mutation: Your natural rate of healing is unusually
                  | fast. [Vine Stalker growth]
  1233 | D:2      | Reached XP level 4. HP: 23/23 MP: 5/5
  2100 | D:4      | Reached XP level 5. HP: 16/27 MP: 6/6
  2126 | D:4      | Noticed Duvessa
  2235 | D:4      | Noticed Menkaure
  2238 | D:4      | Killed Menkaure
  2239 | D:4      | Reached skill level 6 in Stealth
  2239 | D:4      | Reached XP level 6. HP: 32/32 MP: 7/7
  2439 | D:4      | Noticed Robin
  2517 | D:4      | Killed Robin
  2773 | D:4      | Noticed Dowan
  2783 | D:4      | Killed Duvessa
  2795 | D:4      | Killed Dowan
  2796 | D:4      | Reached XP level 7. HP: 36/36 MP: 8/8
  2848 | D:5      | Entered Level 5 of the Dungeon
  2876 | D:5      | Found a runed translucent door.
  2876 | D:5      | Noticed Xak's ghost (novice MiBe)
  2928 | D:5      | Found a staircase to the Ecumenical Temple.
  2943 | Temple   | Entered the Ecumenical Temple
  2968 | Temple   | Became a worshipper of the Wu Jian Council
  3199 | D:5      | Noticed Sigmund
  3289 | D:5      | Reached skill level 7 in Stealth
  3459 | D:5      | Gained mutation: You have razor-sharp teeth. [Vine Stalker
                  | growth]
  3459 | D:5      | Reached XP level 8. HP: 42/42 MP: 9/9
  3587 | D:6      | Splashed by a jelly's acid

Illustrated notes

Levels and vault maps discovered:
D:1:      minmay_arrival_stair_chambers, layout_basic
D:2:      layout_basic
D:3:      layout_rooms
D:4:      layout_loops_cross, uniq_robin, uniq_menkaure, uniq_duvessa
D:5:      layout_cave_pools, lemuel_doored_altar, minmay_temple_entry_crystal_x,
          hellmonk_ghost_happy_afterlife, uniq_sigmund
D:6:      layout_basic, uniq_crazy_yiuf_cottage, uniq_prince_ribbit1
Temple:   nicolae_temple_superstar

Skill      XL: |  1  2  3  4  5  6  7 |
---------------+----------------------+-----
Dodging        | 1 2 3 |  3.5
Stealth        | 5 6 7 |  7.4
Fighting       | 2 3 4 |  4.2
Short Blades   | 2 3 4 |  4.2
Throwing       | 2 |  2.1

Action                     |  1- 3 |  4- 6 |  7- 9 || total
---------------------------+-------+-------+-------++-------
  Melee: Dagger            |    99 |   117 |   122 ||   338
         Bite              |    17 |    41 |    47 ||   105
         Punch             |       |     2 |     2 ||     4
Ability: Lunge             |       |       |     5 ||     5
    Use: Scroll            |     8 |     5 |     3 ||    16
         Potion            |     1 |       |     1 ||     2
   Stab: Sleeping          |     7 |     7 |     1 ||    15
         Fleeing           |       |       |     1 ||     1
 Armour: Leather armour    |    33 |    16 |    24 ||    73
         Robe              |     2 |       |       ||     2
  Dodge: Dodged            |    41 |    63 |    46 ||   150

Table legend: (Time is in decaauts)
 A = Elapsed time spent in this place.
 B = Non-inter-level travel time spent in this place.
 C = Inter-level travel time spent in this place.
 D = Time resting spent in this place.
 E = Time spent auto-exploring this place.
 F = Levels seen in this place.
 G = Mean time per level.
                   A        B        C        D        E       F      G
               +--------+--------+--------+--------+--------+-----+--------+
         Total |   3507 |   3337 |    170 |    397 |   2038 |   7 |  501.0 |
       Dungeon |   3458 |   3311 |    147 |    397 |   2025 |   6 |  576.3 |
        Temple |     48 |     25 |     23 |      0 |     13 |   1 |   48.0 |
               +--------+--------+--------+--------+--------+-----+--------+

Top non-repeatable levels by time:
     D:2: 920 daAuts
     D:4: 889 daAuts
     D:1: 679 daAuts
     D:5: 527 daAuts
     D:3: 413 daAuts
  Temple: 48 daAuts
     D:6: 27 daAuts
